[Event "GER-ch Youth U14w 2019"]
[Site "Willingen"]
[Date "2019.06.10"]
[Round "3.3"]
[White "Peglau, Mirjam"]
[Black "Bashylina, Luisa"]
[Result "0-1"]
[ECO "E83"]
[WhiteElo "1746"]
[BlackElo "1886"]
[Annotator "NA"]
[PlyCount "85"]
[EventDate "2019.06.07"]
[EventType "swiss"]
[EventRounds "9"]
[EventCountry "GER"]
[SourceTitle "playchess.com"]
[Source "ChessBase"]
[SourceQuality "1"]
[TimeControl "40/5400+30:1800+30"]

1. d4 Nf6 2. c4 g6 3. Nc3 Bg7 4. e4 d6 5. f3 O-O 6. Be3 Nc6 7. Bd3 e5 8. d5 Nb4 9. Bb1 Nh5 10. Nge2 f5 11. exf5 gxf5 12. a3 Na6 13. O-O b6 14. Bc2 Bd7 15. Qd2 Kh8 16. b4 Rg8 17. Bd3 Qc8 18. Rac1 f4 19. Bf2 Bh3 20. c5 Bxg2 21. Kxg2 Bf6+ 22. Ng3 fxg3 23. hxg3 Nf4+ 24. Kg1 Qh3 25. Be1 Rxg3+ 26. Bxg3 Qxg3+ 27. Kh1 Qh3+ 28. Qh2 Qxh2+ 29. Kxh2 Nxd3 30. Rcd1 Nb2 31. Rb1 Nc4 32. Ne4 Be7 33. cxd6 cxd6 34. Rbc1 Ne3 35. Rf2 Nxd5 36. Rd2 Ne3 37. Nxd6 Rf8 38. Nb5 Bg5 39. Rd7 Ng4+ 40. fxg4 Bxc1 41. Rxa7 Nb8 42. Rb7 Be3 43. Nd6 {[%emt 0:00:40] normal} 0-1

[Event "GER-ch Youth U14w 2019"]
[Site "Willingen"]
[Date "2019.06.10"]
[Round "3.4"]
[White "Oswald, Hannah"]
[Black "Schmidt, Pauline"]
[Result "1-0"]
[ECO "B97"]
[WhiteElo "1632"]
[BlackElo "1620"]
[Annotator "NA"]
[PlyCount "32"]
[EventDate "2019.06.07"]
[EventType "swiss"]
[EventRounds "9"]
[EventCountry "GER"]
[SourceTitle "playchess.com"]
[Source "ChessBase"]
[SourceQuality "1"]
[TimeControl "40/5400+30:1800+30"]

1. e4 c5 2. Nf3 d6 3. d4 cxd4 4. Nxd4 Nf6 5. Nc3 a6 6. Bg5 e6 7. f4 Qb6 8. Nb3 Nc6 9. Qf3 Be7 10. O-O-O Bd7 11. g4 O-O-O 12. Bh3 Kb8 13. Bh4 h6 14. Bf2 Qc7 15. Qe3 Kc8 16. Kb1 Rde8 {[%emt 0:21:42] normal} 1-0

[Event "GER-ch Youth U14w 2019"]
[Site "Willingen"]
[Date "2019.06.10"]
[Round "3.5"]
[White "Reuter, Elisa"]
[Black "Bildat, Emilia"]
[Result "1-0"]
[ECO "B31"]
[WhiteElo "1923"]
[BlackElo "1649"]
[Annotator "NA"]
[PlyCount "63"]
[EventDate "2019.06.07"]
[EventType "swiss"]
[EventRounds "9"]
[EventCountry "GER"]
[SourceTitle "playchess.com"]
[Source "ChessBase"]
[SourceQuality "1"]
[TimeControl "40/5400+30:1800+30"]

1. e4 c5 2. Nf3 Nc6 3. Bb5 g6 4. O-O Bg7 5. c3 e5 6. Re1 Nge7 7. a4 O-O 8. Bc4 d6 9. Na3 a6 10. d3 Bd7 11. Ba2 Rb8 12. Be3 b5 13. axb5 axb5 14. d4 c4 15. dxe5 dxe5 16. Bc5 Bg4 17. Qe2 Qd3 18. Qxd3 cxd3 19. Rad1 Rfd8 20. Bb1 Bxf3 21. gxf3 d2 22. Re2 Bh6 23. Be3 Kg7 24. Rexd2 Rxd2 25. Rxd2 b4 26. cxb4 Rxb4 27. Ba2 Nd4 28. Kg2 Nec6 29. Bxh6+ Kxh6 30. Bxf7 Rb7 31. Bd5 Kg5 32. Kg3 {[%emt 0:04:31] normal} 1-0

[Event "GER-ch Youth U14w 2019"]
[Site "Willingen"]
[Date "2019.06.10"]
[Round "3.6"]
[White "Orlova, Alicia"]
[Black "Liu, Sijia Anna"]
[Result "1-0"]
[ECO "B40"]
[WhiteElo "1490"]
[BlackElo "1705"]
[Annotator "NA"]
[PlyCount "58"]
[EventDate "2019.06.07"]
[EventType "swiss"]
[EventRounds "9"]
[EventCountry "GER"]
[SourceTitle "playchess.com"]
[Source "ChessBase"]
[SourceQuality "1"]
[TimeControl "40/5400+30:1800+30"]

1. e4 c5 2. Nf3 e6 3. g3 Nc6 4. Bg2 g6 5. c3 Bg7 6. O-O Nge7 7. d3 O-O 8. Be3 d6 9. Qd2 Qc7 10. Bh6 d5 11. Bxg7 Kxg7 12. exd5 Nxd5 13. Na3 a6 14. Nc4 Rd8 15. Rad1 b5 16. Ne3 Nf6 17. b3 Bb7 18. Qb2 Rac8 19. Rd2 Rd7 20. Rfd1 Rcd8 21. Nc2 Qb6 22. h3 Kg8 23. Ne3 Qc7 24. Nc2 Ne5 25. Nxe5 Qxe5 26. Bxb7 Rxb7 27. d4 Qh5 28. dxc5 Rxd2 29. Rxd2 Qxc5 {[%emt 0:00:55] normal} 1-0

[Event "GER-ch Youth U14w 2019"]
[Site "Willingen"]
[Date "2019.06.10"]
[Round "3.7"]
[White "Wagner, Margarethe"]
[Black "Adelhardt, Lisa"]
[Result "0-1"]
[ECO "C50"]
[WhiteElo "1741"]
[BlackElo "1293"]
[Annotator "NA"]
[PlyCount "58"]
[EventDate "2019.06.07"]
[EventType "swiss"]
[EventRounds "9"]
[EventCountry "GER"]
[SourceTitle "playchess.com"]
[Source "ChessBase"]
[SourceQuality "1"]
[TimeControl "40/5400+30:1800+30"]

1. e4 e5 2. Nf3 Nc6 3. Bc4 Bc5 4. O-O Nf6 5. d3 h6 6. c3 d6 7. a4 a5 8. h3 O-O 9. Re1 Be6 10. Na3 d5 11. exd5 Bxd5 12. Nxe5 Nxe5 13. Rxe5 Bxa3 14. Bxd5 Bd6 15. Rf5 Nxd5 16. Rxd5 Bh2+ 17. Kxh2 Qxd5 18. Bf4 Rac8 19. d4 Rfe8 20. Qc2 Qe4 21. Qxe4 Rxe4 22. Kg3 f6 23. Kf3 Re7 24. Ra3 g5 25. Be3 f5 26. d5 Rd7 27. c4 c6 28. dxc6 Rxc6 29. Rc3 Kf7 {[%emt 0:03:53] normal} 0-1

[Event "GER-ch Youth U14w 2019"]
[Site "Willingen"]
[Date "2019.06.10"]
[Round "3.8"]
[White "Werner, Rosalie"]
[Black "Buchholz, Maja"]
[Result "0-1"]
[ECO "B73"]
[WhiteElo "1610"]
[BlackElo "1657"]
[Annotator "NA"]
[PlyCount "73"]
[EventDate "2019.06.07"]
[EventType "swiss"]
[EventRounds "9"]
[EventCountry "GER"]
[SourceTitle "playchess.com"]
[Source "ChessBase"]
[SourceQuality "1"]
[TimeControl "40/5400+30:1800+30"]

1. e4 c5 2. Nf3 d6 3. d4 cxd4 4. Nxd4 Nf6 5. Nc3 g6 6. Be2 Bg7 7. Be3 Nc6 8. O-O O-O 9. Kh1 a6 10. f4 Qc7 11. Nb3 b5 12. a3 Bb7 13. Qe1 Na5 14. Nxa5 Qxa5 15. Bf3 Qc7 16. Bd2 Nd7 17. Qg3 Nb6 18. Rfb1 Nc4 19. Qe1 Rab8 20. Ra2 Rfe8 21. Ne2 Nxd2 22. Qxd2 Qc4 23. b3 Qc5 24. Ng3 Bc3 25. Qe2 Bc8 26. Rd1 Be6 27. Rd3 Rbc8 28. Qe3 a5 29. f5 Bd7 30. Ne2 Qxe3 31. Rxe3 Be5 32. g4 Rc7 33. c3 Rec8 34. Rc2 Be8 35. h4 h6 36. g5 hxg5 37. hxg5 {[%emt 0:00:09] normal} 0-1

[Event "GER-ch Youth U14w 2019"]
[Site "Willingen"]
[Date "2019.06.10"]
[Round "3.9"]
[White "Petersen, Sophie"]
[Black "Butenandt, Svenja"]
[Result "0-1"]
[ECO "B83"]
[WhiteElo "1430"]
[BlackElo "1722"]
[Annotator "NA"]
[PlyCount "62"]
[EventDate "2019.06.07"]
[EventType "swiss"]
[EventRounds "9"]
[EventCountry "GER"]
[SourceTitle "playchess.com"]
[Source "ChessBase"]
[SourceQuality "1"]
[TimeControl "40/5400+30:1800+30"]

1. e4 c5 2. Nf3 e6 3. d4 cxd4 4. Nxd4 Nf6 5. Nc3 d6 6. Be2 Be7 7. O-O a6 8. a4 O-O 9. Be3 Qc7 10. f4 b6 11. Bf3 Bb7 12. Kh1 Nbd7 13. Qe1 Nc5 14. Bg1 Rfe8 15. e5 dxe5 16. fxe5 Nfd7 17. Bxb7 Nxb7 18. Nf3 Nd8 19. Qe3 Nc6 20. Rae1 h6 21. h3 Bb4 22. Bh2 Ne7 23. Rd1 Bxc3 24. bxc3 Nd5 25. Qd3 Nc5 26. Qd4 Rac8 27. Rd2 Nb7 28. Bg1 Qxc3 29. Qxc3 Rxc3 30. Rb1 Nc5 31. Ra1 Rc4 {[%emt 0:04:51] normal} 0-1

[Event "GER-ch Youth U14w 2019"]
[Site "Willingen"]
[Date "2019.06.10"]
[Round "3.10"]
[White "Becker, Linda"]
[Black "Albayrak, Nese Pinar"]
[Result "1/2-1/2"]
[ECO "C45"]
[WhiteElo "1683"]
[BlackElo "1530"]
[Annotator "NA"]
[PlyCount "37"]
[EventDate "2019.06.07"]
[EventType "swiss"]
[EventRounds "9"]
[EventCountry "GER"]
[SourceTitle "playchess.com"]
[Source "ChessBase"]
[SourceQuality "1"]
[TimeControl "40/5400+30:1800+30"]

1. e4 e5 2. Nf3 Nc6 3. d4 exd4 4. Nxd4 Bc5 5. Be3 Qf6 6. c3 Nge7 7. Bc4 O-O 8. O-O b6 9. Kh1 Bb7 10. f4 d5 11. e5 Qh6 12. Bd3 Nxe5 13. fxe5 Qxe3 14. Rf3 Qxe5 15. Rh3 Ng6 16. Nd2 Bxd4 17. Nf3 Qf6 18. Nxd4 c5 19. Nf5 {[%emt 0:11:16] normal} 1/2-1/2

[Event "GER-ch Youth U14w 2019"]
[Site "Willingen"]
[Date "2019.06.10"]
[Round "3.11"]
[White "Kalina, Lena"]
[Black "Avetyan, Manan"]
[Result "1-0"]
[ECO "D36"]
[WhiteElo "1687"]
[BlackElo "1307"]
[Annotator "NA"]
[PlyCount "55"]
[EventDate "2019.06.07"]
[EventType "swiss"]
[EventRounds "9"]
[EventCountry "GER"]
[SourceTitle "playchess.com"]
[Source "ChessBase"]
[SourceQuality "1"]
[TimeControl "40/5400+30:1800+30"]

1. d4 d5 2. c4 e6 3. Nc3 Nf6 4. cxd5 exd5 5. Bg5 c6 6. Qc2 Be7 7. e3 Nbd7 8. Bd3 h6 9. Bf4 Nh5 10. Nge2 Nb6 11. h3 Bd6 12. Be5 c5 13. Bb5+ Kf8 14. Bxd6+ Qxd6 15. dxc5 Qxc5 16. O-O a6 17. Bd3 Be6 18. Nd4 Re8 19. Rac1 g6 20. Qe2 Qd6 21. Rfd1 Kg7 22. Bc2 Rhf8 23. Bb3 Nf6 24. a4 Kh8 25. Qf3 Qe5 26. a5 Nc4 27. Bxc4 dxc4 28. Qxb7 {[%emt 0:03:13] normal} 1-0

[Event "GER-ch Youth U14w 2019"]
[Site "Willingen"]
[Date "2019.06.10"]
[Round "3.12"]
[White "Gerber, Anna Sophie"]
[Black "Zixin, Li"]
[Result "1-0"]
[ECO "D31"]
[WhiteElo "1473"]
[BlackElo "1284"]
[Annotator "NA"]
[PlyCount "106"]
[EventDate "2019.06.07"]
[EventType "swiss"]
[EventRounds "9"]
[EventCountry "GER"]
[SourceTitle "playchess.com"]
[Source "ChessBase"]
[SourceQuality "1"]
[TimeControl "40/5400+30:1800+30"]

1. d4 d5 2. c4 e6 3. Nc3 Be7 4. Bf4 Nf6 5. e3 c6 6. cxd5 exd5 7. Bd3 O-O 8. Nge2 Nbd7 9. O-O Nh5 10. Bg3 Nxg3 11. Nxg3 Nf6 12. Rc1 Ng4 13. Nf5 Bxf5 14. Bxf5 Nf6 15. Qb3 b6 16. Na4 Qc7 17. Rc2 Ne4 18. Rfc1 Bd6 19. g3 c5 20. Qxd5 Nxg3 21. hxg3 Bxg3 22. dxc5 Rfd8 23. Qg2 Qe5 24. Be4 Bh2+ 25. Qxh2 Qxe4 26. Nc3 Qg6+ 27. Qg2 Qxg2+ 28. Kxg2 bxc5 29. Ne4 Rab8 30. Nxc5 h6 31. Na4 Rd5 32. Rc8+ Rxc8 33. Rxc8+ Kh7 34. Rc7 Ra5 35. Nc3 Kg6 36. Rd7 Kf6 37. Rd5 Rxd5 38. Nxd5+ Ke5 39. Nb4 Kd6 40. Kf3 h5 41. Nd3 g6 42. e4 Ke6 43. Kf4 f6 44. Ke3 g5 45. f3 f5 46. exf5+ Kxf5 47. b4 g4 48. fxg4+ hxg4 49. a4 Ke6 50. Nf4+ Kd6 51. Kd4 Kc6 52. Kc4 Kb6 53. a5+ Kc7 {[%emt 0:05:40] normal} 1-0

[Event "GER-ch Youth U14w 2019"]
[Site "Willingen"]
[Date "2019.06.11"]
[Round "4.1"]
[White "Doll, Rebecca"]
[Black "Yue, Qizhou"]
[Result "1/2-1/2"]
[ECO "B22"]
[WhiteElo "1678"]
[BlackElo "1840"]
[Annotator "NA"]
[PlyCount "88"]
[EventDate "2019.06.07"]
[EventType "swiss"]
[EventRounds "9"]
[EventCountry "GER"]
[SourceTitle "playchess.com"]
[Source "ChessBase"]
[SourceQuality "1"]
[TimeControl "40/5400+30:1800+30"]

1. e4 c5 2. c3 d5 3. exd5 Qxd5 4. d4 e6 5. Nf3 Nf6 6. Bd3 Be7 7. O-O O-O 8. h3 Nc6 9. Be3 Rd8 10. Qe2 cxd4 11. cxd4 b6 12. Nc3 Qd7 13. Rad1 Bb7 14. Bb1 Nb4 15. Ne5 Qe8 16. Qd2 Rac8 17. Rfe1 Nbd5 18. Rc1 Bb4 19. Qd3 Nxc3 20. bxc3 Be4 21. Qd2 Ba3 22. Rcd1 Bxb1 23. Rxb1 Bd6 24. Bg5 Be7 25. Rb3 Nd5 26. Bxe7 Qxe7 27. c4 Nf6 28. Rd3 Nd7 29. Nxd7 Qxd7 30. Rc1 Rc6 31. Qb2 Rd6 32. Rcd1 Kf8 33. a3 Rc8 34. Qb4 Kg8 35. Kf1 h6 36. Kg1 Qc6 37. a4 Rcd8 38. Qb3 Qe4 39. Qc3 Qc6 40. Qb4 a5 41. Qb3 Qd7 42. Qa2 Qe7 43. Qb3 Qh4 {[%emt 0:01:14] normal} 44. Qc3 {[%emt 0:00:00] normal} Qf6 {[%emt 0:02:09] normal} 1/2-1/2

[Event "GER-ch Youth U14w 2019"]
[Site "Willingen"]
[Date "2019.06.11"]
[Round "4.2"]
[White "Bashylina, Luisa"]
[Black "Heutling, Elina"]
[Result "1-0"]
[ECO "C44"]
[WhiteElo "1886"]
[BlackElo "1712"]
[Annotator "NA"]
[PlyCount "51"]
[EventDate "2019.06.07"]
[EventType "swiss"]
[EventRounds "9"]
[EventCountry "GER"]
[SourceTitle "playchess.com"]
[Source "ChessBase"]
[SourceQuality "1"]
[TimeControl "40/5400+30:1800+30"]

1. e4 e5 2. Nf3 Nc6 3. d4 exd4 4. Nxd4 Qf6 5. Be3 Bc5 6. c3 Nge7 7. Bc4 O-O 8. O-O b6 9. f4 d5 10. exd5 Na5 11. b3 Nxc4 12. bxc4 c6 13. d6 Bxd6 14. Nd2 Qg6 15. Qf3 Qd3 16. Ne4 Bg4 17. Nf6+ gxf6 18. Qxg4+ Kh8 19. Rae1 Qxc4 20. Qh4 Nd5 21. Nf5 Bc5 22. Rf3 Bxe3+ 23. Rexe3 Qxa2 24. Re1 Rg8 25. g4 Rg6 26. Rh3 {[%emt 0:01:04] normal} 1-0

[Event "GER-ch Youth U14w 2019"]
[Site "Willingen"]
[Date "2019.06.11"]
[Round "4.3"]
[White "Butenandt, Svenja"]
[Black "Oswald, Hannah"]
[Result "1-0"]
[ECO "D20"]
[WhiteElo "1722"]
[BlackElo "1632"]
[Annotator "NA"]
[PlyCount "47"]
[EventDate "2019.06.07"]
[EventType "swiss"]
[EventRounds "9"]
[EventCountry "GER"]
[SourceTitle "playchess.com"]
[Source "ChessBase"]
[SourceQuality "1"]
[TimeControl "40/5400+30:1800+30"]

1. d4 d5 2. c4 dxc4 3. e4 c5 4. d5 Nf6 5. Nc3 b5 6. Bf4 Qa5 7. a4 Nxe4 8. Nge2 Nxc3 9. Nxc3 g6 10. axb5 Qb6 11. Be5 f6 12. Bf4 Nd7 13. Bxc4 Bb7 14. O-O Qd8 15. Re1 Nb6 16. b3 Bg7 17. Qe2 Nxc4 18. bxc4 O-O 19. Qxe7 Qc8 20. Ne4 Rf7 21. Qxf7+ Kxf7 22. Nd6+ Kf8 23. Nxc8 Bxc8 {[%emt 0:00:49] normal} 24. Bd6+ {[%emt 0:00:40] normal} 1-0

[Event "GER-ch Youth U14w 2019"]
[Site "Willingen"]
[Date "2019.06.11"]
[Round "4.4"]
[White "Adelhardt, Lisa"]
[Black "Reuter, Elisa"]
[Result "1/2-1/2"]
[ECO "B38"]
[WhiteElo "1293"]
[BlackElo "1923"]
[Annotator "NA"]
[PlyCount "65"]
[EventDate "2019.06.07"]
[EventType "swiss"]
[EventRounds "9"]
[EventCountry "GER"]
[SourceTitle "playchess.com"]
[Source "ChessBase"]
[SourceQuality "1"]
[TimeControl "40/5400+30:1800+30"]

1. e4 c5 2. Nf3 Nc6 3. d4 cxd4 4. Nxd4 g6 5. c4 Bg7 6. Be3 Nf6 7. Nc3 O-O 8. Be2 d6 9. f3 Bd7 10. O-O Nxd4 11. Bxd4 a5 12. b3 Bc6 13. Qd2 Nd7 14. Be3 Nc5 15. Rab1 Qb6 16. Rfc1 Rfc8 17. Nd5 Qd8 18. a3 Bxd5 19. exd5 h5 20. Bd3 Kh7 21. Re1 Bf6 22. Bc2 Qh8 23. Bxc5 Rxc5 24. Qf4 Rc7 25. Kf1 Kg8 26. Re2 Rac8 27. a4 Qg7 28. g3 Be5 29. Qg5 b6 30. Kg2 Bf6 31. Qe3 Bd4 32. Qf4 Be5 33. Qg5 {[%emt 0:00:22] normal} 1/2-1/2

[Event "GER-ch Youth U14w 2019"]
[Site "Willingen"]
[Date "2019.06.11"]
[Round "4.5"]
[White "Zoellner, Bente"]
[Black "Orlova, Alicia"]
[Result "0-1"]
[ECO "D11"]
[WhiteElo "1530"]
[BlackElo "1490"]
[Annotator "NA"]
[PlyCount "106"]
[EventDate "2019.06.07"]
[EventType "swiss"]
[EventRounds "9"]
[EventCountry "GER"]
[SourceTitle "playchess.com"]
[Source "ChessBase"]
[SourceQuality "1"]
[TimeControl "40/5400+30:1800+30"]

1. d4 d5 2. c4 c6 3. Nf3 Nf6 4. Bg5 Nbd7 5. cxd5 cxd5 6. Nc3 h6 7. Bh4 g5 8. Bg3 Bg7 9. e3 Nb6 10. h3 O-O 11. Bd3 Re8 12. Nb5 Ne4 13. Bxe4 dxe4 14. Nd2 Nd5 15. Nc3 Nxc3 16. bxc3 f5 17. O-O e5 18. Nb3 f4 19. Bh2 exd4 20. cxd4 Qf6 21. Qh5 Be6 22. Nc5 Bf7 23. Qe2 f3 24. gxf3 exf3 25. Qd3 b6 26. Be5 Rxe5 27. dxe5 Qxe5 28. Rfd1 bxc5 29. Rac1 Qe6 30. Qd7 Qxd7 31. Rxd7 Bxa2 32. Rc7 c4 33. Rb7 c3 34. Kf1 a5 35. Rxg7+ Kxg7 36. Rxc3 Be6 37. e4 Bxh3+ 38. Kg1 Bg2 39. Kh2 a4 40. Ra3 Kf6 41. Kg3 h5 42. Kh2 Ke5 43. Kg3 h4+ 44. Kh2 Kxe4 45. Re3+ Kd4 46. Re1 a3 47. Rc1 a2 48. Rc2 Bf1 49. Kg1 a1=Q 50. Kh2 Kd3 51. Rc5 Ra5 52. Rxa5 Qxa5 53. Kh1 g4 {[%emt 0:00:27] normal} 0-1

[Event "GER-ch Youth U14w 2019"]
[Site "Willingen"]
[Date "2019.06.11"]
[Round "4.6"]
[White "Buchholz, Maja"]
[Black "Peglau, Mirjam"]
[Result "1-0"]
[ECO "A34"]
[WhiteElo "1657"]
[BlackElo "1746"]
[Annotator "NA"]
[PlyCount "119"]
[EventDate "2019.06.07"]
[EventType "swiss"]
[EventRounds "9"]
[EventCountry "GER"]
[SourceTitle "playchess.com"]
[Source "ChessBase"]
[SourceQuality "1"]
[TimeControl "40/5400+30:1800+30"]

1. c4 c5 2. g3 Nf6 3. Bg2 d5 4. cxd5 Nxd5 5. Nc3 Nc7 6. e3 e5 7. d3 Be7 8. Nf3 Nc6 9. O-O O-O 10. b3 Be6 11. Bb2 Qd7 12. Re1 Rfd8 13. Ne2 f6 14. d4 cxd4 15. exd4 e4 16. Nd2 f5 17. a3 Nb5 18. f3 Nbxd4 19. Nxd4 Nxd4 20. fxe4 Bc5 21. Kh1 fxe4 22. b4 Bb6 23. Nxe4 Bg4 24. Qd3 Qa4 25. Qc4+ Kh8 26. Rac1 Rac8 27. Qf7 Qb3 28. Qxb3 Nxb3 29. Rxc8 Rxc8 30. Nd6 Rf8 31. Re7 Bd4 32. Bxd4 Nxd4 33. Rxb7 a5 34. bxa5 h6 35. a6 Rf2 36. Ne4 Rc2 37. a7 Rc1+ 38. Bf1 Rxf1+ 39. Kg2 Rf8 40. Rb8 Bf3+ 41. Kh3 Bxe4 42. Rxf8+ Kh7 43. a8=Q Bxa8 44. Rxa8 Kg6 45. Rd8 Nc2 46. a4 Ne3 47. Rd3 Nc4 48. Kg2 Kf5 49. Rc3 Nd6 50. a5 Ke6 51. Rc6 Kd5 52. Rxd6+ Kxd6 53. Kf3 Kc5 54. Kg4 g6 55. Kf4 Kb5 56. Ke5 Kxa5 57. Kf6 g5 58. Kg6 Kb5 59. Kxh6 g4 60. Kg5 {[%emt 0:00:06] normal} 1-0

[Event "GER-ch Youth U14w 2019"]
[Site "Willingen"]
[Date "2019.06.11"]
[Round "4.7"]
[White "Schmidt, Pauline"]
[Black "Becker, Linda"]
[Result "1-0"]
[ECO "D35"]
[WhiteElo "1620"]
[BlackElo "1683"]
[Annotator "NA"]
[PlyCount "113"]
[EventDate "2019.06.07"]
[EventType "swiss"]
[EventRounds "9"]
[EventCountry "GER"]
[SourceTitle "playchess.com"]
[Source "ChessBase"]
[SourceQuality "1"]
[TimeControl "40/5400+30:1800+30"]

1. c4 e6 2. Nc3 d5 3. d4 Nf6 4. Bf4 c5 5. cxd5 exd5 6. e3 Nc6 7. Bb5 Qb6 8. Qb3 cxd4 9. Bxc6+ bxc6 10. Qxb6 axb6 11. exd4 Bf5 12. Nf3 Bb4 13. O-O O-O 14. Ne5 Rfc8 15. Ne2 Nd7 16. Ng3 Be6 17. a3 Nxe5 18. Bxe5 Be7 19. Rfe1 c5 20. Rac1 Bg5 21. Rc2 Bd7 22. Ne2 Bf5 23. f4 Bxf4 24. Nxf4 Bxc2 25. Nxd5 Ra7 26. Nxb6 Re8 27. Rc1 cxd4 28. Bxd4 Bg6 29. a4 f6 30. b4 Re4 31. Bc5 Be8 32. a5 Rc7 33. Nc4 Bb5 34. Nb6 Rc6 35. Ra1 Rce6 36. Na8 Bc6 37. Nc7 R6e5 38. a6 Re2 39. g3 Rg2+ 40. Kf1 Rf5+ 41. Ke1 Rxh2 42. Ra3 Re5+ 43. Kd1 Be4 44. a7 Bc2+ 45. Kc1 Re1+ 46. Kb2 Be4+ 47. Kc3 Rc2+ 48. Kd4 Rd2+ 49. Kc4 Rc1+ 50. Kb5 Rd8 51. Kb6 g5 52. Re3 f5 53. Ne6 Rd6+ 54. Bxd6 Rc6+ 55. Kb5 Rxd6 56. Rxe4 fxe4 57. a8=Q+ {[%emt 0:00:00] normal} 1-0

[Event "GER-ch Youth U14w 2019"]
[Site "Willingen"]
[Date "2019.06.11"]
[Round "4.8"]
[White "Albayrak, Nese Pinar"]
[Black "Kalina, Lena"]
[Result "1/2-1/2"]
[ECO "B35"]
[WhiteElo "1530"]
[BlackElo "1687"]
[Annotator "NA"]
[PlyCount "145"]
[EventDate "2019.06.07"]
[EventType "swiss"]
[EventRounds "9"]
[EventCountry "GER"]
[SourceTitle "playchess.com"]
[Source "ChessBase"]
[SourceQuality "1"]
[TimeControl "40/5400+30:1800+30"]

1. e4 c5 2. Nf3 g6 3. d4 cxd4 4. Nxd4 Nc6 5. Nc3 Bg7 6. Be3 Nf6 7. Bc4 O-O 8. Bb3 Qa5 9. f3 d5 10. exd5 Nb4 11. Qd2 Nbxd5 12. Nxd5 Qxd2+ 13. Bxd2 Nxd5 14. Bxd5 Bxd4 15. c3 Bg7 16. O-O-O e6 17. Bc4 Bd7 18. h4 h5 19. g4 Bc6 20. Rh3 Rac8 21. Bb3 hxg4 22. fxg4 Bb5 23. h5 Be2 24. Rg1 Bd4 25. Be3 Bxe3+ 26. Rxe3 Bc4 27. hxg6 fxg6 28. Bxc4 Rxc4 29. Rxe6 Kf7 30. Rd6 Rc7 31. Rf1+ Ke7 32. Rxf8 Kxf8 33. Rxg6 Kf7 34. Rd6 Re7 35. Kd2 b6 36. b4 Rc7 37. Kd3 b5 38. Rd5 a6 39. Rd6 Ra7 40. a3 a5 41. Rb6 axb4 42. axb4 Rd7+ 43. Ke4 Rc7 44. Kd4 Rc4+ 45. Kd3 Rxg4 46. Rxb5 Ke6 47. Rc5 Kd6 48. Kc2 Rg8 49. Kb3 Ra8 50. Ra5 Rb8 51. Ra6+ Kc7 52. c4 Kb7 53. b5 Rh8 54. Rd6 Rh3+ 55. Kb4 Rh4 56. Kc5 Rh5+ 57. Rd5 Rh6 58. Rd7+ Kc8 59. Rd6 Rh7 60. Kb6 Rb7+ 61. Ka6 Rh7 62. b6 Rg7 63. Rc6+ Kb8 64. b7 Rxb7 65. Rb6 Ka8 66. c5 Rc7 67. c6 Rh7 68. Rb5 Ra7+ 69. Kb6 Kb8 70. Kc5+ Kc7 71. Kd5 Ra1 {[%emt 0:01:37] normal} 72. Rb7+ Kc8 73. Rb4 1/2-1/2

[Event "GER-ch Youth U14w 2019"]
[Site "Willingen"]
[Date "2019.06.11"]
[Round "4.9"]
[White "Wagner, Margarethe"]
[Black "Gerber, Anna Sophie"]
[Result "1/2-1/2"]
[ECO "B48"]
[WhiteElo "1741"]
[BlackElo "1473"]
[Annotator "NA"]
[PlyCount "100"]
[EventDate "2019.06.07"]
[EventType "swiss"]
[EventRounds "9"]
[EventCountry "GER"]
[SourceTitle "playchess.com"]
[Source "ChessBase"]
[SourceQuality "1"]
[TimeControl "40/5400+30:1800+30"]

1. e4 c5 2. Nf3 e6 3. d4 cxd4 4. Nxd4 Nc6 5. Nc3 Qc7 6. Be3 Nf6 7. Be2 Be7 8. O-O a6 9. Kh1 O-O 10. f4 d6 11. Nxc6 Qxc6 12. Bf3 Qc7 13. Qe1 Bd7 14. Qg3 Kh8 15. e5 dxe5 16. fxe5 Ne8 17. Rac1 Bc5 18. Bxc5 Qxc5 19. Bxb7 Rb8 20. Bxa6 Rxb2 21. Be2 Bc6 22. Bh5 g6 23. Be2 Ng7 24. Bg4 Nf5 25. Bxf5 exf5 26. Rfe1 Re8 27. Qe3 Qxe3 28. Rxe3 Re6 29. Re2 Kg7 30. Kg1 f6 31. exf6+ Kxf6 32. Rxe6+ Kxe6 33. Kf2 Bd5 34. a3 Bb3 35. Ne2 Bc4 36. Nc3 Bb3 37. Ne2 Bc4 38. a4 Bxe2 39. Kxe2 Ra2 40. Kd3 Rxa4 41. c4 Kd6 42. Kd4 Ra2 43. Rg1 Re2 44. Kd3 Re4 45. Rb1 Rg4 46. Rb2 Kc5 47. Rb5+ Kc6 48. Rb2 Kc5 49. Rb5+ Kc6 {[%emt 0:00:00] normal} 50. Rb2 Kc5 {[%emt 0:00:00] normal} 1/2-1/2

[Event "GER-ch Youth U14w 2019"]
[Site "Willingen"]
[Date "2019.06.11"]
[Round "4.10"]
[White "Liu, Sijia Anna"]
[Black "Berghold, Lotta"]
[Result "1-0"]
[ECO "B00"]
[WhiteElo "1705"]
[BlackElo "1471"]
[Annotator "NA"]
[PlyCount "107"]
[EventDate "2019.06.07"]
[EventType "swiss"]
[EventRounds "9"]
[EventCountry "GER"]
[SourceTitle "playchess.com"]
[Source "ChessBase"]
[SourceQuality "1"]
[TimeControl "40/5400+30:1800+30"]

1. e4 b6 2. d4 Bb7 3. Bd3 e6 4. Nf3 Nf6 5. Qe2 d6 6. O-O Be7 7. Nbd2 O-O 8. Re1 Re8 9. Nf1 d5 10. e5 Nfd7 11. c3 c5 12. Ng3 Nc6 13. a3 f6 14. Bb1 cxd4 15. cxd4 fxe5 16. dxe5 Nf8 17. b4 a6 18. Rd1 Qc7 19. Bb2 b5 20. Bd3 Rac8 21. Rac1 Qb8 22. Qe3 Rc7 23. h4 Rec8 24. Ng5 Bxg5 25. Qxg5 Nd8 26. Nh5 Kh8 27. Rxc7 Qxc7 28. Rc1 Qd7 29. Rxc8 Bxc8 30. Nxg7 Qxg7 31. Qxd8 Bb7 32. Qf6 Kg8 33. Qxg7+ Kxg7 34. Kf1 Ng6 35. g3 Ne7 36. Ke2 Nc6 37. Ke3 Bc8 38. Kf4 Bd7 39. Kg5 h6+ 40. Kf4 Be8 41. g4 Bg6 42. Bxg6 Kxg6 43. h5+ Kg7 44. g5 Nd8 45. g6 Nc6 46. Ke3 Kf8 47. f4 Ke7 48. Bc1 Kf8 49. Bd2 Kg7 50. Be1 Kf8 51. Bh4 Kg8 52. Bf6 Kf8 53. f5 exf5 54. e6 {[%emt 0:00:00] normal} 1-0

[Event "GER-ch Youth U14w 2019"]
[Site "Willingen"]
[Date "2019.06.11"]
[Round "4.11"]
[White "Bildat, Emilia"]
[Black "Werner, Rosalie"]
[Result "1-0"]
[ECO "A13"]
[WhiteElo "1649"]
[BlackElo "1610"]
[Annotator "NA"]
[PlyCount "127"]
[EventDate "2019.06.07"]
[EventType "swiss"]
[EventRounds "9"]
[EventCountry "GER"]
[SourceTitle "playchess.com"]
[Source "ChessBase"]
[SourceQuality "1"]
[TimeControl "40/5400+30:1800+30"]

1. c4 e6 2. g3 d5 3. Bg2 Nf6 4. d4 Bb4+ 5. Bd2 Bxd2+ 6. Nxd2 Nc6 7. e3 O-O 8. Ngf3 Re8 9. O-O Ne7 10. b4 c6 11. c5 Ng6 12. Nb3 Qc7 13. a4 Nd7 14. b5 f6 15. Qd2 e5 16. Qa5 Qxa5 17. Nxa5 e4 18. Nd2 Ne7 19. Rab1 Rb8 20. Bh3 Kf7 21. f3 exf3 22. Rxf3 Ne5 23. dxe5 Bxh3 24. exf6 gxf6 25. e4 Bd7 26. Rbf1 Rf8 27. Rxf6+ Kg7 28. Rxf8 Rxf8 29. Rxf8 Kxf8 30. bxc6 bxc6 31. Kf2 Kf7 32. Ke3 Bg4 33. Nb1 dxe4 34. Nc3 Bf5 35. Nxe4 Nd5+ 36. Kf3 Bxe4+ 37. Kxe4 Nc3+ 38. Kd4 Nxa4 39. Nxc6 a6 40. Nb8 a5 41. Nc6 Kg6 42. Nxa5 Nxc5 43. Kxc5 Kg5 44. Nb3 Kg4 45. Nd2 h5 46. Kd4 h4 47. gxh4 Kxh4 48. Ke3 Kg4 49. Kf2 Kh3 50. Nf1 Kg4 51. Kg2 Kh4 52. Ne3 Kh5 53. Kg3 Kg5 54. h4+ Kh5 55. Nf5 Kg6 56. Kg4 Kf6 57. h5 Kf7 58. Kg5 Kg8 59. h6 Kh7 60. Nd6 Kg8 61. Kg6 Kh8 62. Nf7+ Kg8 {[%emt 0:00:00] normal} 63. h7+ Kf8 64. h8=Q+ {normal} 1-0